 Dungeon Crawl Stone Soup version 0.19-a0-347-g6bb00b2 (webtiles) character file.

10 epen the Magician (level 2, 0/16 HPs)
             Began as a Deep Elf Air Elementalist on May 29, 2016.
             Slain by a kobold
             ... wielding a +0 club
              (2 damage)
             ... on level 1 of the Dungeon.
             The game lasted 00:01:02 (341 turns).

epen the Magician (Deep Elf Air Elementalist)        Turns: 341, Time: 00:01:03

Health: 0/16       AC:  2    Str:  5    XL:     2   Next: 10%
Magic:  0/8        EV: 13    Int: 19    God:
Gold:   0          SH:  0    Dex: 15    Spells: 1 memorised, 6 levels left

rFire  . . .     SeeInvis .     i - +0 dagger
rCold  . . .     Gourm    .     a - +0 robe
rNeg   . . .     Faith    .     (no shield)
rPois  .         Spirit   .     (no helmet)
rElec  .         Dismiss  .     (no cloak)
rCorr  .         Reflect  .     (no gloves)
SustAt .         Harm     .     (no boots)
MR     .....                    (no amulet)
Stlth  ++........               (no ring)
                                (no ring)

@: very slightly contaminated, not resistant to hostile enchantments, unstealthy
A: no striking features
a: no special abilities


You were on level 1 of the Dungeon.
You were not hungry.

You visited 1 branch of the dungeon, and saw 1 of its levels.

Inventory:

Hand Weapons
 i - a +0 dagger (weapon)
Armour
 a - a +0 robe (worn)
Scrolls
 e - 2 scrolls of remove curse {unknown}
 g - a scroll of teleportation {unknown}
Books
 b - a book of Air

   Spells                             Type                      Level
   a - Shock                          Conjuration/Air              1
   b - Swiftness                      Charms/Air                   2
   c - Repel Missiles                 Charms/Air                   2
   d - Static Discharge               Conjuration/Air              3
   e - Lightning Bolt                 Conjuration/Air              5
Comestibles
 c - a bread ration
 d - a beef jerky
 f - 3 meat rations
 h - a chunk of flesh


   Skills:
 + Level 0.7 Fighting
 + Level 2.8 Dodging
 - Level 2.4 Stealth
 + Level 3.0 Spellcasting
 * Level 1.3 Conjurations
 * Level 3.0 Air Magic


You had 6 spell levels left.
You knew the following spells:

 Your Spells              Type           Power        Failure   Level  Hunger
a - Shock                 Conj/Air       ##..         10%         1    None


Dungeon Overview and Level Annotations

Branches:
Dungeon (1/15)

Altars:
Ashenzari


Message History

You closely miss the kobold.
The kobold is severely wounded.
The jackal bites you. The jackal barely misses you.
The kobold barely misses you.
You hit the kobold but do no damage.
The kobold is severely wounded.
The jackal bites you. The kobold barely misses you.
Casting: Shock
Confirm with . or Enter, or press ? or * to list all spells.
Aiming: Shock
Press: ? - help, Shift-Dir - straight line, f/p - jackal
Aim: a jackal (moderately wounded)
The zap hits the jackal.
You kill the jackal!
The kobold barely misses you. The kobold hits you with a club.
* * * LOW HITPOINT WARNING * * *
You are too injured to fight recklessly!
The kobold hits you with a club.
You die...

##....... ..$.....# .. .#
#....... .. ..#### # .
#......# #. ..#.# #.#
#...h..# #.####†#.# #..
#......# #........######
#......# ###.............
#......###.........##....
##.##.)†@K.#.............
#....######.....#......#
....#### #............#
... #............# ..
#####...#..### .
............ #...........
#...........
.............


You could see a kobold.

Vanquished Creatures
  A giant cockroach (D:1)
  2 hobgoblins (D:1)
  3 jackals (D:1)
  2 goblins (D:1)
  A kobold (D:1)
9 creatures vanquished.

Notes
Turn   | Place    | Note
--------------------------------------------------------------
     0 | D:1      | epen the Deep Elf Air Elementalist began the quest for the Orb.
     0 | D:1      | Reached XP level 1. HP: 10/10 MP: 6/6
     2 | D:1      | Noticed an elf
     4 | D:1      | Noticed a spriggan
     4 | D:1      | Noticed a draconian
     6 | D:1      | Noticed an octopode
     6 | D:1      | Noticed a troll
     8 | D:1      | Noticed a tengu
     8 | D:1      | Noticed a naga
    10 | D:1      | Noticed a vine stalker
    10 | D:1      | Noticed a human
    12 | D:1      | Noticed a vampire
    14 | D:1      | Noticed a ghoul
    14 | D:1      | Noticed a merfolk
    16 | D:1      | Noticed a felid
    16 | D:1      | Noticed a demigod
    18 | D:1      | Noticed a gargoyle
    20 | D:1      | Noticed an ogre
    20 | D:1      | Noticed a formicid
    22 | D:1      | Noticed a halfling
    24 | D:1      | Noticed a minotaur
    24 | D:1      | Noticed a centaur
    26 | D:1      | Noticed a demonspawn
    26 | D:1      | Noticed a dwarf
    36 | D:1      | Found a shattered altar of Ashenzari.
   317 | D:1      | Reached XP level 2. HP: 14/16 MP: 2/8
   341 | D:1      | Slain by a kobold

Vault maps used:
D:1:      kb_arrival_jail, ashenzari_altar_1

Action                   || total
-------------------------++-------
Melee: Unarmed           ||     3
       Dagger            ||    16
 Cast: Shock             ||    21
Armor: Robe              ||     4
Dodge: Dodged            ||    29
